 Dungeon Crawl Stone Soup version 0.19.0 (webtiles) character file.

25 Gorglomux the Shooter (level 2, 0/24 HPs)
             Began as a Centaur Hunter on Nov 1, 2016.
             Killed from afar by a bat (20 damage)
             ... with an exploding inner flame
             ... hexed by the player character
             ... on level 1 of the Dungeon.
             The game lasted 00:01:41 (982 turns).

Gorglomux the Shooter (Centaur Hunter)               Turns: 982, Time: 00:01:42

Health: 0/24       AC:  4    Str: 14    XL:     2   Next: 86%
Magic:  2/2        EV:  9    Int: 10    God:
Gold:   52         SH:  0    Dex:  9    Spells: 0 memorised, 1 level left

rFire  . . .     SeeInvis .     s - -3 dagger (curse)
rCold  . . .     Gourm    .     c - +0 leather armour
rNeg   . . .     Faith    .     (no shield)
rPois  .         Spirit   .     (no helmet)
rElec  .         Reflect  .     (no cloak)
rCorr  .         Harm     .     (no gloves)
MR     .....                    (no barding)
Stlth  +.........               (no amulet)
                                (no ring)
                                (no ring)

@: very quick
A: hooves 3, deformed body, speed 2, tough skin 3
a: no special abilities


You were on level 1 of the Dungeon.
You were not hungry.

You visited 1 branch of the dungeon, and saw 1 of its levels.

You collected 52 gold pieces.

Inventory:

Hand Weapons
 a - a +1 shortbow
 b - a +0 short sword
 s - a cursed -3 dagger (weapon)
Missiles
 d - 20 arrows
Armour
 c - a +0 leather armour (worn)
Scrolls
 e - a scroll of identify {unknown}
 h - a scroll of teleportation {unknown}
 i - a scroll of immolation
 m - a scroll of magic mapping {unknown}
 n - a scroll of remove curse {unknown}
 r - a scroll of fog {unknown}
Potions
 g - 2 potions of heal wounds {unknown}
 k - a potion of mutation {unknown}
 o - a potion of agility {unknown}
 p - a potion of lignification {unknown}
 q - a potion of ambrosia {unknown}
Comestibles
 f - a bread ration
 j - 6 chunks of flesh
 l - a slice of pizza


   Skills:
 + Level 2.0 Fighting
 - Level 0.1 Short Blades
 * Level 6.4 Bows
 - Level 1.4 Dodging
 - Level 0.4 Stealth


You had one spell level left.
You didn't know any spells.

Dungeon Overview and Level Annotations

Branches:
Dungeon (1/15)

Altars:


Innate Abilities, Weirdness & Mutations

You have hooves in place of feet.
Armour fits poorly on your strangely shaped body.
You cover ground very quickly.
You have extremely tough skin. (AC +3)


Message History

You completely miss the bat.
The bat is heavily wounded.
The bat hits you but does no damage.
You barely miss the bat. You kick the bat, but do no damage.
The bat is heavily wounded.
The bat barely misses you. The bat hits you but does no damage.
The bat hits you. The bat misses you.
You miss the bat.
The bat is heavily wounded.
The bat hits you but does no damage. The bat hits you but does no damage.
You hit the bat but do no damage. You kick the bat.
The bat is severely wounded.
The bat hits you. The bat hits you but does no damage.
You hit the bat.
The bat explodes!
The fiery explosion engulfs you!
Ouch! That really hurt!
You die...

# #.##.# #.# #.# # #.##.#
#.#####.# # #.##.# #.....#.# #
#.##.####.###.#.# #
#......##.# #.#.# #
#.##.#.##)# #.#.#
########.##.#.##§###.#.###.#
..............§§§.........>#
###########.#.§.@..........#
#+.....## #.#....#.#.#####.#
#.......+##.#....#.#.#####.##
.........##............... ..
..........###.#####..##.##.###
...........##.. ...........
............########....##.###
....<......)..................
...........)##.######....#.#


There were no monsters in sight!

Vanquished Creatures
  A leopard gecko (D:1)
  A giant cockroach (D:1)
  2 goblins (D:1)
  6 hobgoblins (D:1)
  3 jackals (D:1)
  A bat (D:1)
  4 kobolds (D:1)
  3 rats (D:1)
21 creatures vanquished.

Notes
Turn   | Place    | Note
-------+----------+-------------------------------------------
     0 | D:1      | Gorglomux the Centaur Hunter began the quest for the Orb.
     0 | D:1      | Reached XP level 1. HP: 17/17 MP: 1/1
   309 | D:1      | Reached XP level 2. HP: 24/24 MP: 2/2
   438 | D:1      | Reached skill level 6 in Bows
   982 | D:1      | Killed from afar by a bat

Skill      XL: |  1  2 |
---------------+-------+-----
Bows           | 6 |  6.4
Fighting       | |  2.0
Short Blades   | |  0.1
Dodging        | |  1.4
Stealth        | |  0.4

Action                   || total
-------------------------++-------
Melee: Short sword       ||    78
       Kick              ||    16
       Dagger            ||    11
  Use: Scroll            ||     1
Armor: Leather armour    ||    41
Dodge: Dodged            ||    47
